AoeStats
← Johsebass

Black Forest

509328907Analyzed
2v2 RM · 5d ago on Sep 26, 2026· 90m 18s· 4 players
Game mode
Random Map
Map size
Medium (4 player)
Population
200
Speed
Normal
Resources
Standard
Victory
Conquest
Starting age
Dark Age
Ending age
Imperial Age
RankedLock teamsTeams togetherTeam positionsShared explorationLock speedFull tech treeHidden civsTurbo modeCheats
Victory
Defeat
🇳🇴 Persians · Norway
925
+18
🇳🇴 Saxons · Norway
922
+18
🇹🇷 Goths · Türkiye
973
-18
🇹🇷 Cumans · Türkiye
966
-18
direwolf6431
0:29 Loom
15:52 Feudal Age
17:31 Horse Collar
19:58 Castle Age
18:35 Double-Bit Axe
21:36 Squires
23:00 Anarchy
24:18 Man-at-Arms
25:11 Scale Mail Armor
24:56 Long Swordsman
25:05 Pikeman
36:39 Imperial Age
38:03 Wheelbarrow
38:31 Chemistry
40:34 Hand Cart
40:34 Bow Saw
42:39 Caravan
45:33 Two-Man Saw
45:35 Coinage
45:18 Guilds
45:22 Forging
45:03 Fletching
45:13 Padded Archer Armor
45:29 Chain Mail Armor
45:19 Scale Barding Armor
45:17 Heavy Plow
45:09 Gold Mining
45:09 Stone Mining
47:03 Banking
46:40 Elite Huskarl
47:42 Conscription
47:22 Perfusion
48:27 Iron Casting
47:47 Bodkin Arrow
48:08 Leather Archer Armor
49:23 Crop Rotation
49:35 Stone Shaft Mining
49:44 Halberdier
51:29 Blast Furnace
50:50 Chain Barding Armor
51:00 Ballistics
50:31 Heated Shot
50:22 Treadmill Crane
50:54 Masonry
50:40 Murder Holes
50:20 Sappers
58:28 Onager
58:44 Heavy Scorpion
60:33 Bracer
61:04 Ring Archer Armor
60:09 Onager
61:09 Cavalier
61:49 Husbandry
62:00 Bloodlines
Laiklik
0:27 Loom
13:41 Feudal Age
14:33 Double-Bit Axe
17:43 Horse Collar
22:06 Wheelbarrow
23:00 Gold Mining
26:00 Stone Mining
35:52 Castle Age
35:59 Bloodlines
36:43 Scale Barding Armor
36:49 Forging
36:43 Heavy Plow
36:46 Caravan
37:20 Hand Cart
37:17 Bow Saw
40:36 Imperial Age
39:17 Steppe Husbandry
40:01 Iron Casting
39:46 Chain Barding Armor
40:29 Coinage
40:08 Light Cavalry
40:42 Fletching
40:52 Padded Archer Armor
40:54 Scale Mail Armor
43:00 Gold Shaft Mining
41:52 Elite Kipchak
42:54 Conscription
41:59 Hussar
42:23 Man-at-Arms
42:23 Pikeman
43:04 Squires
44:22 Two-Man Saw
43:29 Long Swordsman
43:31 Halberdier
44:04 Elite Steppe Lancer
44:31 Two-Handed Swordsman
46:39 Crop Rotation
46:34 Champion
47:35 Cavalier
49:02 Paladin
51:09 Parthian Tactics
50:51 Thumb Ring
52:08 Ballistics
53:12 Bodkin Arrow
53:32 Leather Archer Armor
54:18 Blast Furnace
53:53 Plate Barding Armor
53:33 Chain Mail Armor
55:50 Ring Archer Armor
65:25 Plate Mail Armor
Johsebass
11:28 Feudal Age
15:46 Castle Age
13:50 Double-Bit Axe
15:09 Horse Collar
16:07 Gold Mining
16:07 Stone Mining
18:47 Wheelbarrow
19:04 Bow Saw
23:04 Hand Cart
22:35 Loom
23:01 Stone Mining
23:31 Arson
27:18 Fletching
27:57 Murder Holes
28:24 Ballistics
28:50 Thumb Ring
28:05 Crossbowman
36:14 Town Watch
38:32 Bodkin Arrow
38:47 Forging
38:38 Scale Mail Armor
38:38 Padded Archer Armor
39:03 Heavy Plow
39:41 Gold Shaft Mining
38:54 Treadmill Crane
39:25 Fortified Wall
39:25 Masonry
40:04 Elite Skirmisher
41:42 Caravan
45:34 Imperial Age
43:11 Squires
42:32 Pikeman
44:05 Iron Casting
43:53 Chain Mail Armor
44:04 Gambesons
44:44 Leather Archer Armor
47:23 Chemistry
46:29 Siege Engineers
46:54 Architecture
46:27 Bracer
46:57 Plate Mail Armor
45:51 Elite Varangian Guard
45:52 Halberdier
45:55 Arbalester
47:45 Two-Man Saw
47:17 Crop Rotation
48:26 Conscription
47:27 Elite Hearth Troop
48:42 Hoardings
47:44 Shield Wall
47:56 Man-at-Arms
49:21 Ring Archer Armor
49:40 Long Swordsman
50:10 Capped Ram
51:42 Siege Ram
53:07 Two-Handed Swordsman
53:42 Champion
75:33 Heavy Mounted Crossbowman
75:34 Cranequins
78:25 Scale Barding Armor
osmevoll
13:06 Loom
14:51 Feudal Age
16:15 Double-Bit Axe
17:54 Wheelbarrow
20:36 Castle Age
19:51 Horse Collar
21:44 Bow Saw
21:35 Heavy Plow
23:54 Scale Barding Armor
28:10 Chain Barding Armor
28:08 Bloodlines
27:59 Husbandry
29:05 Hand Cart
29:18 Forging
30:49 Murder Holes
33:22 Iron Casting
38:13 Imperial Age
40:01 Plate Barding Armor
40:26 Blast Furnace
40:59 Two-Man Saw
40:25 Ballistics
41:06 Chemistry
39:33 Cavalier
41:40 Kamandaran
42:05 Conscription
42:00 Citadels
42:07 Masonry
42:20 Gold Mining
43:45 Crop Rotation
43:12 Fletching
43:22 Padded Archer Armor
42:49 Savar
44:34 Thumb Ring
43:50 Crossbowman
45:27 Bodkin Arrow
45:47 Leather Archer Armor
46:07 Architecture
46:14 Stone Mining
50:33 Elite War Elephant
51:46 Ring Archer Armor
58:16 Pikeman
58:56 Squires
60:25 Halberdier
62:34 Scale Mail Armor
69:33 Chain Mail Armor
Connection lost

Rejoining the realm…

Still unreachable

The connection could not be restored.

Session expired

The server has moved on; the page needs a fresh start.